Pick #1

Connor Bedard
Pick #2

Leo Carlsson
Pick #3

Adam Fantilli
Pick #4

Matvei Michkov
Pick #5

David Reinbacher
Pick #6

William Smith
Pick #7

Zachary Benson
Pick #8

Ryan Leonard
Pick #9

Gabriel Perreault
Pick #10

Axel Sandin-Pellika
Pick #11

Daniil But
Pick #12

Dalibor Dvorsky
Pick #13

Quentin Musty
Pick #14

Brayden Yager
Pick #15

Dmitry Simashev
Pick #16

Colby Barlow
Pick #17

Andrew Cristall
Pick #18

Easton Cowan
Pick #19

Jacob Fowler
Pick #20

Oliver Moore
Pick #21

Oliver Bonk
Pick #22

Tom Willander
Pick #23

Calum Ritchie
Pick #24

Tanner Molendyk
Pick #25

Gavin Brindley
Pick #26

Nate Danielson
Pick #27

Pick #28

Pick #29

Pick #30

Pick #31

Pick #32

Pick #33

Pick #34

Pick #35

Pick #36

Pick #37

Pick #38

Pick #39

Pick #40

Pick #41

Pick #42

Pick #43

Pick #44

Pick #45

Pick #46

Pick #47

Pick #48

Pick #49

Pick #50

Pick #51

Pick #52

Pick #53

Pick #54

Pick #55

Pick #56

Pick #57

Pick #58

Pick #59

Pick #60

Pick #61

Pick #62

Pick #63

Pick #64

Pick #65

Pick #66

Pick #67

Pick #68

Pick #69

Pick #70

Pick #71

Pick #72

Pick #73

Pick #74

Pick #75

Pick #76

Pick #77

Pick #78

Pick #79

Pick #80

Pick #81

Pick #82

Pick #83

Pick #84

Pick #85

Pick #86

Pick #87

Pick #88

Pick #89

Pick #90

Pick #91

Pick #92

Pick #93

Pick #94

Pick #95

Pick #96

Pick #97

Pick #98

Pick #99

Pick #100

Pick #101

Pick #102

Pick #103

Pick #104

Pick #105

Pick #106

Pick #107

Pick #108

Pick #109

Pick #110

Pick #111

Pick #112

Pick #113

Pick #114

Pick #115

Pick #116

Pick #117

Pick #118

Pick #119

Pick #120

Pick #121

Pick #122

Pick #123

Pick #124

Pick #125

Pick #126

Pick #127

Pick #128

Pick #129

Pick #130

Full Scoreboard »»

MapleLeafs vs Blues

Created - December 16, 2023 at 10:11

Goals
1 2 3 T
MapleLeafs 1 0 1 2
Blues 3 1 0 4
Shots
1 2 3 T
MapleLeafs 13 9 6 28
Blues 15 13 10 38

GoalsPenalties
1st period
1. Blues , Yanni Gourde 9 (Cale Makar 23) at 3:08
2. MapleLeafs , Rasmus Sandin 1 (Andrew Mangiapane 7, Drake Batherson 15) at 4:28
3. Blues , Yanni Gourde 10 (Filip Hronek 13) at 6:31
4. Blues , Yanni Gourde 11 (Clayton Keller 16, Jacob Trouba 8) at 7:41
Auston Matthews (STL) for Charging (Minor) at 10:20
2nd period
5. Blues , Yanni Gourde 12 (Anthony DeAngelo 11) at 8:18
Drake Batherson (TOR) for Delaying the game (Minor) at 12:16
Drake Batherson (TOR) for Goalie Interference (Minor) at 15:57
3rd period
6. MapleLeafs , Mikael Granlund 3 (Drake Batherson 16, Erik Cernak 10) at 7:33
No Penalty
Goalie Stats
Darcy Kuemper (TOR), 34 saves from 38 shots - (0.895), L, 14-4-3, 60:00 minutes
Kevin Lankinen (STL), 26 saves from 28 shots - (0.929), W, 3-0-0, 60:00 minutes
3 StarsOfficial
1 - Yanni Gourde (STL)
2 - Cale Makar (STL)
3 - Jacob Trouba (STL)
Referees : Jean Hebert and Ian Walsh
Linesman : Kyle Allen and Justin Cornell
Game Note
Yanni Gourde has scored a Hat Trick!
Mikael Granlund is injured at 17:46 of 3rd period (Bruised Right Shoulder)
Finance
Level 1 -- Attendance: 6018 (92.58%) -- Ticket Income $661,980
Level 2 -- Attendance: 4714 (94.28%) -- Ticket Income $353,550
Level 3 -- Attendance: 3013 (86.09%) -- Ticket Income $165,715
Level 4 -- Attendance: 1562 (100.00%) -- Ticket Income $60,918
Luxury Box -- Attendance: 951 (95.10%) -- Ticket Income $189,249
Game was played at the Scottrade Center.
Total Attendance: 16258 (92.57%)
Total Ticket Income: $1,431,412
Other Income: $357,853
Total Income: $1,789,265



Team Name Goals Shots Shots Attemp Shots Blocked PIM HIT PP PK FO%
MapleLeafs 2285094210 / 1 (0%)050%
Blues 4386852270 / 2 (0%)050%

MapleLeafs
Player Name POS G A P +/- PIM HIT SHT SB MP PP MP PP SHT PK MP PK SHT FO% FOT
Alexander RomanovD0000020219:510:0001:5400% 0
Alexander WennbergC0000023020:131:0011:09054% 26
Andrew MangiapaneLW0110004018:530:5900:0000% 0
Drake BathersonRW0220443018:510:5900:0000% 1
Dylan DeMeloD0001010119:181:0000:0000% 0
Erik CernakD011-3031419:520:0002:0400% 0
Evgeny KuznetsovC000-2004019:040:5900:00055% 20
Filip ChytilC000-1020113:150:0000:0000% 0
John MarinoD0000000020:511:0001:5400% 0
Jon MarchessaultLW/RW0000031019:041:0000:0000% 2
Jonathan HuberdeauC0000025019:041:0000:0000% 1
Mikael GranlundC1010002020:460:0002:52046% 37
Nicolas HagueD000-3000020:510:5902:0400% 0
Noah CatesLW000-1012014:210:0001:0600% 0
Noel AcciariC000-100107:390:0002:49071% 7
Rasmus SandinD1011012119:170:5910:0000% 0
Trent FredericC000-100004:500:0000:0000% 0
Zach WhitecloudD000000000:000:0000:0000% 0
Blues
Player Name POS G A P +/- PIM HIT SHT SB MP PP MP PP SHT PK MP PK SHT FO% FOT
Anthony DeAngeloD0112003216:512:0210:0000% 0
Auston MatthewsC0000237222:042:2510:00050% 6
Cale MakarD0111072026:301:5620:5900% 0
Carson SoucyD000-1010111:090:0000:0000% 0
Clayton KellerRW0113015021:142:2501:000100% 1
Craig SmithC000002009:290:0000:49033% 3
Curtis LazarC000-101108:390:0000:45036% 11
Derek RyanC000-100009:271:3300:000100% 1
Evan RodriguesC000000108:400:0000:00033% 6
Filip HronekD0111000024:350:0001:0000% 0
Jack EichelC0000010021:422:0200:0000% 0
Jacob TroubaD0112032020:180:0000:5900% 0
Kris LetangD000-1020019:042:2501:0000% 0
Michael EyssimontC000-100107:540:0000:000100% 1
Miles WoodLW000002008:540:0000:1400% 0
Nico HischierC0000003022:461:5611:10043% 28
Sean MonahanC0003002019:221:3300:00063% 32
Yanni GourdeC40430411019:221:3310:00040% 5



Play-by-Play

1st period


0:01 of 1st period - Alexander Wennberg wins face-off versus Nico Hischier in neutral zone.
0:01 of 1st period - Alexander Wennberg is hit by Auston Matthews.
0:07 of 1st period - Cale Makar is hit by Alexander Wennberg and loses puck.
0:25 of 1st period - Off-side.
0:26 of 1st period - Sean Monahan wins face-off versus Mikael Granlund in neutral zone.
0:31 of 1st period - Shot by Yanni Gourde.
0:31 of 1st period - Stopped by Darcy Kuemper without a rebound.
0:32 of 1st period - Sean Monahan wins face-off versus Evgeny Kuznetsov in MapleLeafs zone.
0:45 of 1st period - Shot by Clayton Keller.
0:45 of 1st period - Shot Misses the Net.
0:54 of 1st period - Off-side.
0:55 of 1st period - Mikael Granlund wins face-off versus Evan Rodrigues in neutral zone.
0:55 of 1st period - Mikael Granlund is hit by Miles Wood.
1:16 of 1st period - Shot by Craig Smith.
1:16 of 1st period - Deflect By Evan Rodrigues.
1:16 of 1st period - Stopped by Darcy Kuemper without a rebound.
1:17 of 1st period - Michael Eyssimont wins face-off versus Noel Acciari in MapleLeafs zone.
1:51 of 1st period - Off-side.
1:52 of 1st period - Alexander Wennberg wins face-off versus Nico Hischier in neutral zone.
2:19 of 1st period - Auston Matthews is hit by Jonathan Huberdeau and loses puck.
3:08 of 1st period - Shot by Yanni Gourde.
3:08 of 1st period - Goal by Yanni Gourde - MapleLeafs : 0 - Blues : 1.
3:09 of 1st period - Evgeny Kuznetsov wins face-off versus Evan Rodrigues in neutral zone.
4:04 of 1st period - Shot by Drake Batherson.
4:04 of 1st period - Stopped by Kevin Lankinen without a rebound.
4:05 of 1st period - Sean Monahan wins face-off versus Mikael Granlund in Blues zone.
4:09 of 1st period - Icing by Yanni Gourde.
4:10 of 1st period - Sean Monahan wins face-off versus Mikael Granlund in Blues zone.
4:26 of 1st period - Shot by Drake Batherson.
4:26 of 1st period - Deflect By Andrew Mangiapane.
4:26 of 1st period - Shot Hit the Post.
4:28 of 1st period - Shot by Rasmus Sandin.
4:28 of 1st period - Goal by Rasmus Sandin - MapleLeafs : 1 - Blues : 1.
4:29 of 1st period - Alexander Wennberg wins face-off versus Nico Hischier in neutral zone.
4:51 of 1st period - Icing by John Marino.
4:52 of 1st period - Alexander Wennberg wins face-off versus Sean Monahan in MapleLeafs zone.
5:06 of 1st period - Off-side.
5:07 of 1st period - Mikael Granlund wins face-off versus Curtis Lazar in neutral zone.
5:31 of 1st period - Shot by Drake Batherson.
5:31 of 1st period - Shot Blocked by Anthony DeAngelo.
5:33 of 1st period - Shot by Mikael Granlund.
5:33 of 1st period - Shot Misses the Net.
5:35 of 1st period - Shot by Mikael Granlund.
5:35 of 1st period - Shot Misses the Net.
5:37 of 1st period - Shot by Erik Cernak.
5:37 of 1st period - Stopped by Kevin Lankinen without a rebound.
5:38 of 1st period - Sean Monahan wins face-off versus Evgeny Kuznetsov in Blues zone.
5:48 of 1st period - Shot by Noah Cates.
5:48 of 1st period - Stopped by Kevin Lankinen without a rebound.
5:49 of 1st period - Noel Acciari wins face-off versus Nico Hischier in Blues zone.
5:59 of 1st period - Carson Soucy is hit by Dylan DeMelo and loses puck.
6:16 of 1st period - Off-side.
6:17 of 1st period - Sean Monahan wins face-off versus Mikael Granlund in neutral zone.
6:22 of 1st period - Icing by Mikael Granlund.
6:23 of 1st period - Mikael Granlund wins face-off versus Sean Monahan in MapleLeafs zone.
6:23 of 1st period - Mikael Granlund is hit by Yanni Gourde.
6:31 of 1st period - Shot by Yanni Gourde.
6:31 of 1st period - Goal by Yanni Gourde - MapleLeafs : 1 - Blues : 2.
6:32 of 1st period - Sean Monahan wins face-off versus Evgeny Kuznetsov in neutral zone.
6:35 of 1st period - Noah Cates is hit by Clayton Keller and loses puck.
6:48 of 1st period - Shot by Clayton Keller.
6:48 of 1st period - Shot Blocked by Dylan DeMelo.
6:50 of 1st period - Shot by Jacob Trouba.
6:50 of 1st period - Stopped by Darcy Kuemper without a rebound.
6:51 of 1st period - Auston Matthews wins face-off versus Mikael Granlund in MapleLeafs zone.
6:56 of 1st period - Shot by Auston Matthews.
6:56 of 1st period - Shot Misses the Net.
7:01 of 1st period - Drake Batherson is hit by Cale Makar and loses puck.
7:07 of 1st period - Andrew Mangiapane is hit by Cale Makar and loses puck.
7:17 of 1st period - Icing by Cale Makar.
7:18 of 1st period - Nico Hischier wins face-off versus Jonathan Huberdeau in Blues zone.
7:25 of 1st period - Shot by Nico Hischier.
7:25 of 1st period - Stopped by Darcy Kuemper without a rebound.
7:26 of 1st period - Evgeny Kuznetsov wins face-off versus Sean Monahan in MapleLeafs zone.
7:41 of 1st period - Shot by Yanni Gourde.
7:41 of 1st period - Goal by Yanni Gourde - MapleLeafs : 1 - Blues : 3.
7:42 of 1st period - Alexander Wennberg wins face-off versus Curtis Lazar in neutral zone.
7:51 of 1st period - Cale Makar is hit by Jon Marchessault and loses puck.
8:03 of 1st period - Icing by Dylan DeMelo.
8:04 of 1st period - Alexander Wennberg wins face-off versus Sean Monahan in MapleLeafs zone.
8:11 of 1st period - Shot by Alexander Wennberg.
8:11 of 1st period - Stopped by Kevin Lankinen without a rebound.
8:12 of 1st period - Sean Monahan wins face-off versus Mikael Granlund in Blues zone.
8:25 of 1st period - Shot by Andrew Mangiapane.
8:25 of 1st period - Stopped by Kevin Lankinen without a rebound.
8:26 of 1st period - Nico Hischier wins face-off versus Evgeny Kuznetsov in Blues zone.
8:26 of 1st period - Nico Hischier is hit by Erik Cernak.
8:31 of 1st period - Icing by Cale Makar.
8:32 of 1st period - Nico Hischier wins face-off versus Mikael Granlund in Blues zone.
8:32 of 1st period - Nico Hischier is hit by Drake Batherson.
8:35 of 1st period - Cale Makar is hit by Drake Batherson.
8:45 of 1st period - Shot by Drake Batherson.
8:45 of 1st period - Deflect By Andrew Mangiapane.
8:45 of 1st period - Shot Blocked by Auston Matthews.
8:47 of 1st period - Shot by Mikael Granlund.
8:47 of 1st period - Stopped by Kevin Lankinen without a rebound.
8:48 of 1st period - Evgeny Kuznetsov wins face-off versus Sean Monahan in Blues zone.
8:52 of 1st period - Icing by Carson Soucy.
8:53 of 1st period - Sean Monahan wins face-off versus Jon Marchessault in Blues zone.
9:30 of 1st period - Shot by Clayton Keller.
9:30 of 1st period - Shot Misses the Net.
9:51 of 1st period - Off-side.
9:52 of 1st period - Nico Hischier wins face-off versus Mikael Granlund in neutral zone.
10:20 of 1st period - Minor Penalty to Auston Matthews for Charging.
10:21 of 1st period - Evgeny Kuznetsov wins face-off versus Nico Hischier in Blues zone.
10:21 of 1st period - Nicolas Hague is hit by Jacob Trouba and loses puck.
10:54 of 1st period - Nico Hischier is hit by Drake Batherson and loses puck.
11:11 of 1st period - Shot by Alexander Wennberg.
11:11 of 1st period - Stopped by Kevin Lankinen with a rebound.
12:02 of 1st period - Shot by Evgeny Kuznetsov.
12:02 of 1st period - Shot Misses the Net.
12:04 of 1st period - Shot by Rasmus Sandin.
12:04 of 1st period - Stopped by Kevin Lankinen without a rebound.
12:05 of 1st period - Craig Smith wins face-off versus Alexander Wennberg in Blues zone.
13:31 of 1st period - Mikael Granlund is hit by Craig Smith and loses puck.
14:34 of 1st period - Shot by Jonathan Huberdeau.
14:34 of 1st period - Shot Misses the Net.
15:33 of 1st period - Icing by Nicolas Hague.
15:34 of 1st period - Sean Monahan wins face-off versus Evgeny Kuznetsov in MapleLeafs zone.
15:41 of 1st period - Shot by Clayton Keller.
15:41 of 1st period - Shot Misses the Net.
15:43 of 1st period - Shot by Clayton Keller.
15:43 of 1st period - Stopped by Darcy Kuemper without a rebound.
15:44 of 1st period - Sean Monahan wins face-off versus Alexander Wennberg in MapleLeafs zone.
15:51 of 1st period - Shot by Anthony DeAngelo.
15:51 of 1st period - Stopped by Darcy Kuemper without a rebound.
15:52 of 1st period - Mikael Granlund wins face-off versus Sean Monahan in MapleLeafs zone.
15:52 of 1st period - Drake Batherson is hit by Yanni Gourde and loses puck.
16:00 of 1st period - Off-side.
16:01 of 1st period - Sean Monahan wins face-off versus Jon Marchessault in neutral zone.
16:20 of 1st period - Shot by Clayton Keller.
16:20 of 1st period - Stopped by Darcy Kuemper without a rebound.
16:21 of 1st period - Curtis Lazar wins face-off versus Mikael Granlund in MapleLeafs zone.
16:28 of 1st period - Shot by Derek Ryan.
16:28 of 1st period - Shot Misses the Net.
16:30 of 1st period - Shot by Derek Ryan.
16:30 of 1st period - Shot Misses the Net.
16:50 of 1st period - Shot by Michael Eyssimont.
16:50 of 1st period - Stopped by Darcy Kuemper with a rebound.
16:56 of 1st period - Shot by Derek Ryan.
16:56 of 1st period - Shot Misses the Net.
17:04 of 1st period - Shot by Curtis Lazar.
17:04 of 1st period - Stopped by Darcy Kuemper without a rebound.
17:05 of 1st period - Noel Acciari wins face-off versus Nico Hischier in MapleLeafs zone.
17:19 of 1st period - Icing by Jacob Trouba.
17:20 of 1st period - Alexander Wennberg wins face-off versus Nico Hischier in Blues zone.
17:33 of 1st period - Shot by Alexander Wennberg.
17:33 of 1st period - Shot Misses the Net.
17:35 of 1st period - Shot by John Marino.
17:35 of 1st period - Shot Misses the Net.
17:37 of 1st period - Shot by Jonathan Huberdeau.
17:37 of 1st period - Shot Misses the Net.
17:39 of 1st period - Shot by Jonathan Huberdeau.
17:39 of 1st period - Stopped by Kevin Lankinen with a rebound.
17:41 of 1st period - Shot by Alexander Romanov.
17:41 of 1st period - Shot Blocked by Anthony DeAngelo.
17:47 of 1st period - Shot by Jon Marchessault.
17:47 of 1st period - Shot Blocked by Auston Matthews.
17:55 of 1st period - Shot by Jonathan Huberdeau.
17:55 of 1st period - Stopped by Kevin Lankinen without a rebound.
17:56 of 1st period - Sean Monahan wins face-off versus Evgeny Kuznetsov in Blues zone.
17:56 of 1st period - Sean Monahan is hit by Filip Chytil.
18:05 of 1st period - Clayton Keller is hit by Erik Cernak and loses puck.
18:12 of 1st period - Shot by Yanni Gourde.
18:12 of 1st period - Stopped by Darcy Kuemper without a rebound.
18:13 of 1st period - Mikael Granlund wins face-off versus Evan Rodrigues in MapleLeafs zone.
18:18 of 1st period - Shot by Drake Batherson.
18:18 of 1st period - Stopped by Kevin Lankinen with a rebound.
18:20 of 1st period - Shot by Mikael Granlund.
18:20 of 1st period - Shot Blocked by Carson Soucy.
18:22 of 1st period - Shot by Drake Batherson.
18:22 of 1st period - Deflect By Andrew Mangiapane.
18:22 of 1st period - Stopped by Kevin Lankinen without a rebound.
18:23 of 1st period - Sean Monahan wins face-off versus Evgeny Kuznetsov in Blues zone.
18:23 of 1st period - Sean Monahan is hit by Noah Cates.
18:26 of 1st period - Icing by Cale Makar.
18:27 of 1st period - Evgeny Kuznetsov wins face-off versus Sean Monahan in Blues zone.
18:51 of 1st period - Shot by Clayton Keller.
18:51 of 1st period - Stopped by Darcy Kuemper with a rebound.
18:53 of 1st period - Shot by Cale Makar.
18:53 of 1st period - Deflect By Sean Monahan.
18:53 of 1st period - Shot Blocked by Erik Cernak.
18:55 of 1st period - Shot by Cale Makar.
18:55 of 1st period - Shot Misses the Net.
18:57 of 1st period - Shot by Yanni Gourde.
18:57 of 1st period - Stopped by Darcy Kuemper without a rebound.
18:58 of 1st period - Mikael Granlund wins face-off versus Nico Hischier in MapleLeafs zone.
19:34 of 1st period - Shot by Nico Hischier.
19:34 of 1st period - Shot Misses the Net.
Goals for this period are 1 for MapleLeafs vs 3 for Blues.
Shots for this period are 13 for MapleLeafs vs 15 for Blues.

2nd period


0:01 of 2nd period - Sean Monahan wins face-off versus Alexander Wennberg in neutral zone.
0:01 of 2nd period - Sean Monahan is hit by Jon Marchessault.
0:07 of 2nd period - Shot by Clayton Keller.
0:07 of 2nd period - Shot Misses the Net.
0:36 of 2nd period - Shot by Alexander Wennberg.
0:36 of 2nd period - Deflect By Jonathan Huberdeau.
0:36 of 2nd period - Shot Misses the Net.
0:42 of 2nd period - Shot by Jonathan Huberdeau.
0:42 of 2nd period - Stopped by Kevin Lankinen with a rebound.
1:00 of 2nd period - Shot by Evgeny Kuznetsov.
1:00 of 2nd period - Stopped by Kevin Lankinen with a rebound.
1:02 of 2nd period - Shot by Noel Acciari.
1:02 of 2nd period - Stopped by Kevin Lankinen without a rebound.
1:03 of 2nd period - Mikael Granlund wins face-off versus Nico Hischier in Blues zone.
1:10 of 2nd period - Jacob Trouba is hit by Drake Batherson and loses puck.
3:15 of 2nd period - Yanni Gourde is hit by Erik Cernak and loses puck.
3:26 of 2nd period - Shot by Yanni Gourde.
3:26 of 2nd period - Stopped by Darcy Kuemper without a rebound.
3:27 of 2nd period - Mikael Granlund wins face-off versus Curtis Lazar in MapleLeafs zone.
3:27 of 2nd period - Mikael Granlund is hit by Curtis Lazar.
4:12 of 2nd period - Icing by Rasmus Sandin.
4:13 of 2nd period - Nico Hischier wins face-off versus Mikael Granlund in MapleLeafs zone.
4:29 of 2nd period - Icing by Rasmus Sandin.
4:30 of 2nd period - Sean Monahan wins face-off versus Mikael Granlund in MapleLeafs zone.
4:43 of 2nd period - Shot by Sean Monahan.
4:43 of 2nd period - Stopped by Darcy Kuemper without a rebound.
4:44 of 2nd period - Nico Hischier wins face-off versus Alexander Wennberg in MapleLeafs zone.
4:53 of 2nd period - Shot by Jonathan Huberdeau.
4:53 of 2nd period - Shot Misses the Net.
4:55 of 2nd period - Shot by Alexander Wennberg.
4:55 of 2nd period - Shot Misses the Net.
5:02 of 2nd period - Jon Marchessault is hit by Cale Makar and loses puck.
5:06 of 2nd period - Alexander Wennberg is hit by Cale Makar and loses puck.
5:30 of 2nd period - Cale Makar is hit by Alexander Romanov and loses puck.
5:50 of 2nd period - Sean Monahan is hit by Jon Marchessault and loses puck.
6:19 of 2nd period - Shot by Sean Monahan.
6:19 of 2nd period - Stopped by Darcy Kuemper with a rebound.
6:21 of 2nd period - Shot by Yanni Gourde.
6:21 of 2nd period - Stopped by Darcy Kuemper without a rebound.
6:22 of 2nd period - Evgeny Kuznetsov wins face-off versus Craig Smith in MapleLeafs zone.
6:22 of 2nd period - Evgeny Kuznetsov is hit by Craig Smith.
6:53 of 2nd period - Off-side.
6:54 of 2nd period - Mikael Granlund wins face-off versus Nico Hischier in neutral zone.
7:58 of 2nd period - Noel Acciari is hit by Cale Makar.
8:18 of 2nd period - Shot by Yanni Gourde.
8:18 of 2nd period - Goal by Yanni Gourde - MapleLeafs : 1 - Blues : 4.
8:19 of 2nd period - Curtis Lazar wins face-off versus Alexander Wennberg in neutral zone.
8:34 of 2nd period - Icing by Kris Letang.
8:35 of 2nd period - Evgeny Kuznetsov wins face-off versus Curtis Lazar in Blues zone.
9:34 of 2nd period - Shot by Jon Marchessault.
9:34 of 2nd period - Stopped by Kevin Lankinen without a rebound.
9:35 of 2nd period - Sean Monahan wins face-off versus Mikael Granlund in Blues zone.
9:55 of 2nd period - Icing by Mikael Granlund.
9:56 of 2nd period - Nico Hischier wins face-off versus Drake Batherson in MapleLeafs zone.
10:09 of 2nd period - Shot by Auston Matthews.
10:09 of 2nd period - Stopped by Darcy Kuemper without a rebound.
10:10 of 2nd period - Alexander Wennberg wins face-off versus Sean Monahan in MapleLeafs zone.
10:52 of 2nd period - Shot by Alexander Wennberg.
10:52 of 2nd period - Stopped by Kevin Lankinen without a rebound.
10:53 of 2nd period - Evgeny Kuznetsov wins face-off versus Nico Hischier in Blues zone.
11:00 of 2nd period - Shot by Evgeny Kuznetsov.
11:00 of 2nd period - Stopped by Kevin Lankinen without a rebound.
11:01 of 2nd period - Evgeny Kuznetsov wins face-off versus Nico Hischier in Blues zone.
12:12 of 2nd period - Shot by Yanni Gourde.
12:12 of 2nd period - Stopped by Darcy Kuemper without a rebound.
12:13 of 2nd period - Mikael Granlund wins face-off versus Evan Rodrigues in MapleLeafs zone.
12:13 of 2nd period - Mikael Granlund is hit by Miles Wood.
12:16 of 2nd period - Minor Penalty to Drake Batherson for Delaying the game.
12:17 of 2nd period - Mikael Granlund wins face-off versus Yanni Gourde in MapleLeafs zone.
13:21 of 2nd period - Shot by Auston Matthews.
13:21 of 2nd period - Stopped by Darcy Kuemper without a rebound.
13:22 of 2nd period - Alexander Wennberg wins face-off versus Auston Matthews in MapleLeafs zone.
13:22 of 2nd period - Alexander Wennberg is hit by Auston Matthews.
13:51 of 2nd period - Icing by Anthony DeAngelo.
13:52 of 2nd period - Alexander Wennberg wins face-off versus Auston Matthews in Blues zone.
14:45 of 2nd period - Shot by Filip Chytil.
14:45 of 2nd period - Deflect By Evgeny Kuznetsov.
14:45 of 2nd period - Stopped by Kevin Lankinen with a rebound.
15:04 of 2nd period - Filip Chytil is hit by Cale Makar and loses puck.
15:20 of 2nd period - Off-side.
15:21 of 2nd period - Alexander Wennberg wins face-off versus Curtis Lazar in neutral zone.
15:30 of 2nd period - Shot by Jonathan Huberdeau.
15:30 of 2nd period - Stopped by Kevin Lankinen without a rebound.
15:31 of 2nd period - Mikael Granlund wins face-off versus Yanni Gourde in Blues zone.
15:34 of 2nd period - Shot by Drake Batherson.
15:34 of 2nd period - Stopped by Kevin Lankinen without a rebound.
15:35 of 2nd period - Mikael Granlund wins face-off versus Sean Monahan in Blues zone.
15:57 of 2nd period - Minor Penalty to Drake Batherson for Goalie Interference.
15:58 of 2nd period - Auston Matthews wins face-off versus Mikael Granlund in MapleLeafs zone.
16:04 of 2nd period - Shot by Cale Makar.
16:04 of 2nd period - Shot Misses the Net.
16:06 of 2nd period - Shot by Kris Letang.
16:06 of 2nd period - Shot Misses the Net.
16:08 of 2nd period - Shot by Cale Makar.
16:08 of 2nd period - Shot Misses the Net.
16:10 of 2nd period - Shot by Nico Hischier.
16:10 of 2nd period - Stopped by Darcy Kuemper without a rebound.
16:11 of 2nd period - Noel Acciari wins face-off versus Yanni Gourde in MapleLeafs zone.
16:24 of 2nd period - Shot by Anthony DeAngelo.
16:24 of 2nd period - Shot Blocked by Erik Cernak.
16:26 of 2nd period - Shot by Yanni Gourde.
16:26 of 2nd period - Shot Blocked by Erik Cernak.
16:34 of 2nd period - Shot by Yanni Gourde.
16:34 of 2nd period - Stopped by Darcy Kuemper without a rebound.
16:35 of 2nd period - Auston Matthews wins face-off versus Mikael Granlund in MapleLeafs zone.
16:36 of 2nd period - Shot by Cale Makar.
16:36 of 2nd period - Stopped by Darcy Kuemper with a rebound.
17:04 of 2nd period - Shot by Cale Makar.
17:04 of 2nd period - Stopped by Darcy Kuemper with a rebound.
17:06 of 2nd period - Shot by Nico Hischier.
17:06 of 2nd period - Shot Misses the Net.
17:32 of 2nd period - Off-side.
17:33 of 2nd period - Yanni Gourde wins face-off versus Alexander Wennberg in neutral zone.
17:36 of 2nd period - Shot by Anthony DeAngelo.
17:36 of 2nd period - Shot Misses the Net.
17:50 of 2nd period - Shot by Anthony DeAngelo.
17:50 of 2nd period - Stopped by Darcy Kuemper without a rebound.
17:51 of 2nd period - Yanni Gourde wins face-off versus Mikael Granlund in MapleLeafs zone.
18:24 of 2nd period - Shot by Jon Marchessault.
18:24 of 2nd period - Shot Misses the Net.
18:45 of 2nd period - Icing by Rasmus Sandin.
18:46 of 2nd period - Alexander Wennberg wins face-off versus Sean Monahan in MapleLeafs zone.
19:07 of 2nd period - Filip Hronek is hit by Filip Chytil and loses puck.
19:12 of 2nd period - John Marino is hit by Yanni Gourde and loses puck.
19:40 of 2nd period - Icing by Cale Makar.
19:41 of 2nd period - Mikael Granlund wins face-off versus Sean Monahan in Blues zone.
Goals for this period are 0 for MapleLeafs vs 1 for Blues.
Shots for this period are 9 for MapleLeafs vs 13 for Blues.

3rd period


0:01 of 3rd period - Mikael Granlund wins face-off versus Nico Hischier in neutral zone.
0:30 of 3rd period - Shot by Auston Matthews.
0:30 of 3rd period - Shot Misses the Net.
0:32 of 3rd period - Shot by Nico Hischier.
0:32 of 3rd period - Shot Misses the Net.
0:34 of 3rd period - Shot by Auston Matthews.
0:34 of 3rd period - Shot Hit the Post.
0:36 of 3rd period - Shot by Nico Hischier.
0:36 of 3rd period - Shot Blocked by Erik Cernak.
1:04 of 3rd period - Shot by Clayton Keller.
1:04 of 3rd period - Stopped by Darcy Kuemper without a rebound.
1:05 of 3rd period - Alexander Wennberg wins face-off versus Curtis Lazar in MapleLeafs zone.
1:33 of 3rd period - Icing by John Marino.
1:34 of 3rd period - Sean Monahan wins face-off versus Alexander Wennberg in MapleLeafs zone.
1:57 of 3rd period - Shot by Jonathan Huberdeau.
1:57 of 3rd period - Stopped by Kevin Lankinen without a rebound.
1:58 of 3rd period - Nico Hischier wins face-off versus Noel Acciari in Blues zone.
2:08 of 3rd period - Nico Hischier is hit by Rasmus Sandin and loses puck.
2:11 of 3rd period - Shot by Nico Hischier.
2:11 of 3rd period - Shot Blocked by Rasmus Sandin.
3:25 of 3rd period - Icing by Nicolas Hague.
3:26 of 3rd period - Derek Ryan wins face-off versus Mikael Granlund in MapleLeafs zone.
3:42 of 3rd period - Icing by Mikael Granlund.
3:43 of 3rd period - Evan Rodrigues wins face-off versus Mikael Granlund in MapleLeafs zone.
4:19 of 3rd period - Icing by Filip Hronek.
4:20 of 3rd period - Evan Rodrigues wins face-off versus Alexander Wennberg in Blues zone.
4:20 of 3rd period - Evan Rodrigues is hit by Alexander Wennberg.
5:07 of 3rd period - Icing by John Marino.
5:08 of 3rd period - Clayton Keller wins face-off versus Alexander Wennberg in MapleLeafs zone.
5:17 of 3rd period - Shot by Kris Letang.
5:17 of 3rd period - Shot Blocked by Alexander Romanov.
6:00 of 3rd period - John Marino is hit by Jack Eichel.
6:39 of 3rd period - Evgeny Kuznetsov is hit by Jacob Trouba and loses puck.
7:23 of 3rd period - Shot by Mikael Granlund.
7:23 of 3rd period - Shot Misses the Net.
7:25 of 3rd period - Shot by Drake Batherson.
7:25 of 3rd period - Shot Misses the Net.
7:29 of 3rd period - Shot by Mikael Granlund.
7:29 of 3rd period - Shot Misses the Net.
7:31 of 3rd period - Shot by Mikael Granlund.
7:31 of 3rd period - Shot Misses the Net.
7:33 of 3rd period - Shot by Mikael Granlund.
7:33 of 3rd period - Goal by Mikael Granlund - MapleLeafs : 2 - Blues : 4.
7:34 of 3rd period - Noel Acciari wins face-off versus Sean Monahan in neutral zone.
7:38 of 3rd period - Rasmus Sandin is hit by Kris Letang and loses puck.
8:49 of 3rd period - Shot by Mikael Granlund.
8:49 of 3rd period - Shot Misses the Net.
8:51 of 3rd period - Shot by Andrew Mangiapane.
8:51 of 3rd period - Stopped by Kevin Lankinen without a rebound.
8:52 of 3rd period - Nico Hischier wins face-off versus Alexander Wennberg in Blues zone.
9:06 of 3rd period - Nico Hischier is hit by Alexander Romanov and loses puck.
9:29 of 3rd period - Shot by Nico Hischier.
9:29 of 3rd period - Deflect By Auston Matthews.
9:29 of 3rd period - Stopped by Darcy Kuemper without a rebound.
9:30 of 3rd period - Mikael Granlund wins face-off versus Curtis Lazar in MapleLeafs zone.
9:49 of 3rd period - Shot by Jacob Trouba.
9:49 of 3rd period - Stopped by Darcy Kuemper without a rebound.
9:50 of 3rd period - Evgeny Kuznetsov wins face-off versus Craig Smith in MapleLeafs zone.
10:19 of 3rd period - Evgeny Kuznetsov is hit by Cale Makar and loses puck.
10:24 of 3rd period - Shot by Noah Cates.
10:24 of 3rd period - Stopped by Kevin Lankinen without a rebound.
10:25 of 3rd period - Nico Hischier wins face-off versus Alexander Wennberg in Blues zone.
10:29 of 3rd period - Off-side.
10:30 of 3rd period - Alexander Wennberg wins face-off versus Auston Matthews in neutral zone.
10:46 of 3rd period - Shot by Nico Hischier.
10:46 of 3rd period - Deflect By Auston Matthews.
10:46 of 3rd period - Stopped by Darcy Kuemper with a rebound.
10:48 of 3rd period - Shot by Kris Letang.
10:48 of 3rd period - Shot Misses the Net.
10:50 of 3rd period - Shot by Nico Hischier.
10:50 of 3rd period - Deflect By Auston Matthews.
10:50 of 3rd period - Stopped by Darcy Kuemper with a rebound.
10:52 of 3rd period - Shot by Jacob Trouba.
10:52 of 3rd period - Shot Blocked by Alexander Romanov.
10:54 of 3rd period - Shot by Nico Hischier.
10:54 of 3rd period - Shot Misses the Net.
11:53 of 3rd period - Evgeny Kuznetsov is hit by Yanni Gourde and loses puck.
12:04 of 3rd period - Shot by Yanni Gourde.
12:04 of 3rd period - Shot Misses the Net.
12:34 of 3rd period - Evgeny Kuznetsov is hit by Kris Letang and loses puck.
12:38 of 3rd period - Icing by Michael Eyssimont.
12:39 of 3rd period - Curtis Lazar wins face-off versus Mikael Granlund in Blues zone.
13:22 of 3rd period - Shot by Auston Matthews.
13:22 of 3rd period - Stopped by Darcy Kuemper without a rebound.
13:23 of 3rd period - Noel Acciari wins face-off versus Nico Hischier in MapleLeafs zone.
13:47 of 3rd period - Off-side.
13:48 of 3rd period - Sean Monahan wins face-off versus Alexander Wennberg in neutral zone.
13:48 of 3rd period - Sean Monahan is hit by Jonathan Huberdeau.
14:48 of 3rd period - Icing by Jacob Trouba.
14:49 of 3rd period - Nico Hischier wins face-off versus Mikael Granlund in Blues zone.
14:56 of 3rd period - Shot by Auston Matthews.
14:56 of 3rd period - Stopped by Darcy Kuemper without a rebound.
14:57 of 3rd period - Mikael Granlund wins face-off versus Nico Hischier in MapleLeafs zone.
15:12 of 3rd period - Rasmus Sandin is hit by Jacob Trouba and loses puck.
15:23 of 3rd period - Shot by Anthony DeAngelo.
15:23 of 3rd period - Stopped by Darcy Kuemper without a rebound.
15:24 of 3rd period - Sean Monahan wins face-off versus Evgeny Kuznetsov in MapleLeafs zone.
15:49 of 3rd period - Shot by Clayton Keller.
15:49 of 3rd period - Stopped by Darcy Kuemper without a rebound.
15:50 of 3rd period - Nico Hischier wins face-off versus Mikael Granlund in MapleLeafs zone.
16:23 of 3rd period - Shot by Mikael Granlund.
16:23 of 3rd period - Deflect By Andrew Mangiapane.
16:23 of 3rd period - Stopped by Kevin Lankinen with a rebound.
16:31 of 3rd period - Rasmus Sandin is hit by Auston Matthews and loses puck.
17:45 of 3rd period - Mikael Granlund is hit by Carson Soucy and loses puck.
17:46 of 3rd period - Mikael Granlund from MapleLeafs is injured at 17:46 of 3rd period (Bruised Right Shoulder).
17:47 of 3rd period - Curtis Lazar wins face-off versus Evgeny Kuznetsov in Blues zone.
17:56 of 3rd period - Shot by Michael Eyssimont.
17:56 of 3rd period - Shot Blocked by Filip Chytil.
17:59 of 3rd period - Icing by Erik Cernak.
18:00 of 3rd period - Evgeny Kuznetsov wins face-off versus Nico Hischier in MapleLeafs zone.
18:17 of 3rd period - Shot by Nico Hischier.
18:17 of 3rd period - Stopped by Darcy Kuemper with a rebound.
18:33 of 3rd period - Shot by Evgeny Kuznetsov.
18:33 of 3rd period - Stopped by Kevin Lankinen with a rebound.
Goals for this period are 1 for MapleLeafs vs 0 for Blues.
Shots for this period are 6 for MapleLeafs vs 10 for Blues.